 Dungeon Crawl Stone Soup version 0.28-a0-730-g892d06dc2c (webtiles) character file.

Game seed: 14231824427999453977

259 lawman0 the Grave Robber (level 5, 0/36 HPs)
             Began as a Demonspawn Necromancer on Oct 28, 2021.
             Killed from afar by an orc wizard (9 damage)
             ... with a puff of flame
             ... on level 4 of the Dungeon.
             The game lasted 00:04:34 (4115 turns).

lawman0 the Grave Robber (Demonspawn Necromancer)   Turns: 4115, Time: 00:04:35

Health: 0/36       AC:  5    Str:  8    XL:     5   Next: 94%
Magic:  9/9        EV: 11    Int: 17    God:
Gold:   119        SH:  4    Dex: 14    Spells: 5/9 levels left

rFire   . . .      SeeInvis .   h - +0 hand axe (vorpal)
rCold   . . .      Faith    .   a - +0 buckler
rNeg    . . .      Spirit   .   g - +0 leather armour
rPois   .          Reflect  .   (no helmet)
rElec   .          Harm     .   (no cloak)
rCorr   .          Rampage  .   f - +0 pair of gloves
Will    .....                   j - +0 pair of boots
Stlth   ++........              (no amulet)
HPRegen 0.12/turn               (no ring)
MPRegen 0.11/turn               (no ring)

@: no status effects
A: demonic touch 2
a: no special abilities


You were on level 4 of the Dungeon.
You visited 1 branch of the dungeon, and saw 4 of its levels.

You collected 119 gold pieces.

Inventory:

Hand Weapons
 h - a +0 vorpal hand axe (weapon)
Armour
 a - a +0 buckler (worn)
 f - a +0 pair of gloves (worn)
 g - a +0 leather armour (worn)
 j - a +0 pair of boots (worn)
Scrolls
 b - a scroll of teleportation
 d - a scroll of amnesia
 e - a scroll of identify
 i - a scroll of vulnerability {unknown}
Potions
 c - a potion of curing


   Skills:
 + Level 0.4 Fighting
 + Level 1.2 Armour
 + Level 2.4 Dodging
 + Level 2.3 Stealth
 * Level 0.9 Shields
 + Level 2.9 Spellcasting
 * Level 6.4 Necromancy


You had 5 spell levels left.
You knew the following spells:

 Your Spells              Type           Power      Damage    Failure   Level
a - Pain                  Necr           96%        1d8       2%          1
b - Vampiric Draining     Necr           12%        2d7       9%          3

Your spell library contained the following spells:

 Spells                   Type           Power      Damage    Failure   Level
 Animate Skeleton         Necr           48%        N/A       2%          1
 Animate Dead             Necr           12%        N/A       26%         4
 Agony                    Necr           24%        N/A       58%         5
 Borgnjor's Revivificati  Necr           12%        N/A       100%        8
 Necromutation            Tmut/Necr      6%         N/A       100%        8
 Death's Door             Necr           12%        N/A       100%        9


Dungeon Overview and Level Annotations

Branches:
Dungeon (4/15)
 Temple: D:4-7

Altars:
Hepliaklqana


Innate Abilities, Weirdness & Mutations

Your touch may inflict irresistible damage on your foes.


Message History

You hit the orc wizard. The orc wizard casts a spell at you.
You are confused.
The orc wizard points at you and mumbles some strange words.
The magic dart hits you but does no damage.
You barely miss the orc wizard.
The orc wizard is heavily wounded.
You closely miss the orc wizard.
The orc wizard hits you with a +0 dagger.
The orc wizard closely misses you.
The orc wizard hits you but does no damage.
The orc wizard casts a spell at you. The puff of flame misses you.
You miss the orc wizard.
The orc wizard is almost dead.
You hit the orc wizard.
The orc wizard hits you with a +0 dagger.
The orc wizard mumbles some strange words.
The orc wizard flickers and vanishes!
Unknown command.
Something hits you. The orc wizard closely misses you.
Unknown command.
You miss the orc wizard.
The orc wizard is almost dead.
You completely miss something.
The orc wizard hits you with a +0 dagger.
Something barely misses you.
Unknown command.
You're too confused to move!
You feel less confused.
The orc wizard hits you with a +0 dagger.
Something hits you.
* * * LOW HITPOINT WARNING * * *
Unknown command.
You hit something.
Reactivating autopickup.
You feel a bit more experienced.
You barely miss the orc wizard. The orc wizard casts a spell at you.
The puff of flame hits you!
You die...

##...........#.......
#.........<..#......
##....##.....#.....
##....##....###..#
#.....##....###..###+##
#....................>.
#..............Z.......
##....##....###o)####.#
########....###@.########.#
.............#..)..........
.............#.............
##....###'#####....###'##.#
#....##....##########.#
#............#.........
#............#........
#.....#.....#.........
.....#######......##


You could see an orc wizard and an adder zombie.

Vanquished Creatures
  A water moccasin (D:4)
  A centaur skeleton (D:4)
  Terence (D:2)
  An orc wizard (D:4)
  4 adders
  A worm (D:4)
  A dart slug (D:1)
  4 orcs
  4 bats (D:1)
  6 endoplasms
  2 giant cockroaches
  4 goblins
  6 hobgoblins
  2 kobolds
  2 quokkas (D:2)
  6 ball pythons
  4 frilled lizards
  7 rats
57 creatures vanquished.

Notes
Turn   | Place    | Note
-------+----------+-------------------------------------------
     0 | D:1      | lawman0 the Demonspawn Necromancer began the quest for the
                  | Orb.
     0 | D:1      | Reached XP level 1. HP: 13/13 MP: 3/3
   512 | D:1      | Gained mutation: Your touch may inflict minor irresistible
                  | damage on your foes. [demonic ancestry]
   512 | D:1      | Reached XP level 2. HP: 13/19 MP: 0/5
   645 | D:1      | Found a faded altar of an unknown god.
  1020 | D:1      | Reached skill level 5 in Necromancy
  1051 | D:1      | Reached XP level 3. HP: 20/24 MP: 1/6
  1172 | D:1      | Learned a level 3 spell: Vampiric Draining
  1663 | D:2      | Noticed Terence
  1673 | D:2      | Killed Terence
  1957 | D:2      | Found a hazy altar of Hepliaklqana.
  1975 | D:2      | Reached XP level 4. HP: 27/30 MP: 4/7
  3721 | D:4      | Noticed a water moccasin
  3735 | D:4      | Killed a water moccasin
  3736 | D:4      | Reached skill level 1 in Armour
  3736 | D:4      | Reached skill level 6 in Necromancy
  3736 | D:4      | Gained mutation: Your touch may inflict irresistible damage
                  | on your foes. [demonic ancestry]
  3736 | D:4      | Reached XP level 5. HP: 21/36 MP: 0/9
  3742 | D:4      | lol
  4115 | D:4      | Killed from afar by an orc wizard

Illustrated notes

#......# ......#
#.†..# ##'###
###..##.K #....#
......... #....#
...... . #'########
#..# .
##....##.†####..###.
#..@................
#...................
#.............†.)...
##....##..##..##.###
###########..##.##.
#....#....
#....#....
#....#..).
#....#....


Turn 3742 on D:4: lol

Levels and vault maps discovered:
D:1:      eino_arrival_tree_alley, layout_loops_cross,
          ebering_ecumenical_altar_webs
D:2:      layout_basic, basic_altar, serial_curves, eino_curves_02,
          eino_curves_01, uniq_terence
D:3:      layout_basic
D:4:      layout_gridville

Skill      XL: |  1  2  3  4 |
---------------+-------------+-----
Dodging        | 2 |  2.4
Stealth        | 2 |  2.3
Necromancy     | 5 6 |  6.4
Armour         | 1 |  1.2
Fighting       | |  0.4
Shields        | |  0.9
Spellcasting   | |  2.9

Action                   |  1- 3 |  4- 6 || total
-------------------------+-------+-------++-------
Melee: Unarmed           |     3 |       ||     3
       Hand axe          |     4 |    44 ||    48
       Touch             |       |     1 ||     1
 Cast: Pain              |    50 |    41 ||    91
       Vampiric Draining |       |     3 ||     3
  Use: Scroll            |     1 |     2 ||     3
       Potion            |     1 |       ||     1
 Stab: Distracted        |       |     1 ||     1
       Sleeping          |       |     1 ||     1
Armor: Leather armour    |       |    29 ||    29
       Robe              |       |     1 ||     1
Dodge: Dodged            |     8 |    38 ||    46
Block: Buckler           |       |     8 ||     8

Table legend: (Time is in decaauts)
 A = Elapsed time spent in this place.
 B = Non-inter-level travel time spent in this place.
 C = Inter-level travel time spent in this place.
 D = Time resting spent in this place.
 E = Time spent auto-exploring this place.
 F = Levels seen in this place.
 G = Mean time per level.
                   A        B        C        D        E       F      G
               +--------+--------+--------+--------+--------+-----+--------+
         Total |   4131 |   4003 |    128 |   1307 |   2290 |   4 | 1032.8 |
       Dungeon |   4131 |   4003 |    128 |   1307 |   2290 |   4 | 1032.8 |
               +--------+--------+--------+--------+--------+-----+--------+

Top non-repeatable levels by time:
     D:1: 1540 daAuts
     D:2: 1002 daAuts
     D:4: 796 daAuts
     D:3: 791 daAuts
